 Seeded DCSS version 0.29.1-4-g47bece8355 (webtiles) character file.

Game seed: 8095065156025107337 (custom seed)

454 sanboga the Chopper (level 6, 0/84 HPs)
             Began as a Minotaur Berserker on Dec 6, 2022.
             Was a Believer of Trog.
             Succumbed to Duvessa's poison
             ... on level 5 of the Dungeon.
             The game lasted 00:05:14 (3760 turns).

sanboga the Chopper (Minotaur Berserker)            Turns: 3760, Time: 00:05:14

Health: 0/84       AC: 12    Str: 24    XL:     6   Next: 76%
Magic:  5/5        EV: 10    Int:  4    God:    Trog [**....]
Gold:   29         SH:  0    Dex:  9    Spells: 5/5 levels left

rFire   . . .      SeeInvis .   o - +0 war axe
rCold   + . .      Faith    .   (no shield)
rNeg    + . .      Spirit   .   d - +0 pearl dragon scales
rPois   .          Reflect  .   (helmet restricted)
rElec   .          Harm     .   (no cloak)
rCorr   .          Rampage  .   (no gloves)
Will    .....                   (no boots)
Stlth   ..........              (no amulet)
HPRegen 0.24/turn               m - ring of protection from cold
MPRegen 0.09/turn               (no ring)

@: berserking, lethally poisoned (0 -> -29), studying 2 skills, very quick
A: horns 2, retaliatory headbutt
a: Renounce Religion, Berserk, Trog's Hand


You were on level 5 of the Dungeon.
You worshipped Trog.
Trog was pleased with you.
You visited 1 branch of the dungeon, and saw 5 of its levels.

You collected 183 gold pieces.
You spent 154 gold pieces at shops.

Inventory:

Hand Weapons
 o - a +0 war axe (weapon)
Armour
 d - +0 pearl dragon scales (worn)
Jewellery
 m - a ring of protection from cold (left hand)
Wands
 p - a wand of digging (5)
Scrolls
 f - a scroll of immolation {unknown}
 i - 4 scrolls of enchant weapon
 j - 2 scrolls of blinking {unknown}
 l - 2 scrolls of amnesia {unknown}
 q - 3 scrolls of enchant armour {unknown}
 r - 3 scrolls of noise {unknown}
 t - 2 scrolls of teleportation {unknown}
Potions
 a - a potion of flight
 b - a potion of invisibility {unknown}
 c - a potion of magic
 e - a potion of might
 g - 2 potions of curing {unknown}
 h - a potion of lignification {unknown}
 n - a potion of heal wounds


   Skills:
 + Level 5.6 Fighting
 * Level 7.0 Axes
 + Level 6.1 Armour
 - Level 2.4 Dodging


You had 5 spell levels left.
You didn't know any spells.
Your spell library was empty.

Dungeon Overview and Level Annotations

Branches:
Dungeon (5/15)             Temple (0/1) D:4

Altars:
Cheibriados
Fedhas
Hepliaklqana
Ru
Sif Muna
Zin

Shops:
D:3 !

Annotations:
D:5 Duvessa


Innate Abilities, Weirdness & Mutations

You have a pair of horns on your head.
You reflexively headbutt those who attack you in melee.


Message History

You are poisoned.
You feel less confused.
You feel very sick.
Dowan is engulfed in poison gas.
Dowan looks as sick as possible!
You kill Dowan!
Trog accepts your kill.
Trog appreciates your killing of a magic user.
Duvessa screams, "No!
How DARE you!"
Duvessa goes berserk!
Your Axes skill increases to level 7!
Your Armour skill increases to level 6!
Found a scroll of fog.
You feel sick.
You feel sick.
Duvessa is engulfed in poison gas.
Duvessa is poisoned.
Duvessa is engulfed in poison gas.
Duvessa looks even sicker.
Duvessa hits you with a +4 rapier of venom!!
You closely miss Duvessa. Your headbutt misses Duvessa.
Duvessa is moderately wounded.
You feel sick.
Duvessa looks even sicker.
Duvessa hits you with a +4 rapier of venom!
* * * LOW HITPOINT WARNING * * *
You are lethally poisoned!
A red film seems to cover your vision as you go berserk!
You feel yourself moving faster!
You feel mighty!
* * * LOW HITPOINT WARNING * * *
You feel very sick.
Duvessa is engulfed in poison gas.
Duvessa looks as sick as possible!
Duvessa closely misses you. You furiously retaliate!
You headbutt Duvessa!!
Duvessa is engulfed in poison gas.
Duvessa looks as sick as possible!
Duvessa hits you with a +4 rapier of venom.
* * * LOW HITPOINT WARNING * * *
You closely miss Duvessa.
Duvessa is almost dead.
* * * LOW HITPOINT WARNING * * *
You feel very sick.
Duvessa is engulfed in poison gas.
Duvessa looks as sick as possible!
Duvessa hits you with a +4 rapier of venom!
* * * LOW HITPOINT WARNING * * *
You are more poisoned.
You completely miss Duvessa.
Duvessa is almost dead.
You die...

#? .## §☼ .#
###○# ####..
#°.§°####§.☼.○#
#☼#§.○.☼☼..°○§
##°○°§○§○#.§§#
.○☼§.☼○@e○.☼°#.#
.§°○§§☼°☼○°§°○°.
.○§§☼○§)<☼○○○☼°#
.☼○.☼○☼§§#######
##§°○§°.☼#
.○§§o°o§§°
.☼§☼○o°○○§.
.○§§o§####☼
...##. ..


You could see Duvessa (berserk, fast, extremely poisoned), an orc priest, an orc
wizard and 2 orcs.

Vanquished Creatures
  A steam dragon (D:4)
  Edmund (D:4)
  A bullfrog (D:4)
  Dowan (D:5)
  An adder (D:4)
  2 worms
  4 dart slugs
  An orc (D:4)
  4 endoplasms
  2 giant cockroaches (D:4)
  8 goblins
  6 hobgoblins
  4 jackals (D:2)
  3 quokkas
  7 ball pythons
  11 bats
  5 kobolds
  7 rats
  A spectral goblin (D:3)
70 creatures vanquished.

Notes
Turn   | Place    | Note
-------+----------+-------------------------------------------
     0 | D:1      | sanboga the Minotaur Berserker began the quest for the Orb.
     0 | D:1      | Reached XP level 1. HP: 19/19 MP: 0/0
   113 | D:1      | Reached XP level 2. HP: 14/27 MP: 1/1
   282 | D:1      | Found a faded altar of an unknown god.
   335 | D:1      | Reached skill level 4 in Axes
   795 | D:1      | Identified a scroll of acquirement
   796 | D:1      | Acquired a manual of Armour
   845 | D:2      | Reached XP level 3. HP: 31/33 MP: 2/2
   847 | D:2      | Reached ** piety under Trog
   998 | D:2      | You fall into a shaft and drop 1 floor!
  1002 | D:3      | Found Pojuq Icu's Distillery.
  1822 | D:3      | Bought a potion of heal wounds for 70 gold pieces
  2113 | D:3      | Found a glowing silver altar of Zin.
  2332 | D:3      | Found a hazy altar of Hepliaklqana.
  2335 | D:3      | Reached XP level 4. HP: 40/40 MP: 3/3
  2465 | D:4      | Noticed a steam dragon
  2477 | D:4      | Killed a steam dragon
  2478 | D:4      | Reached skill level 5 in Axes
  2478 | D:4      | Reached XP level 5. HP: 44/47 MP: 4/4
  2590 | D:4      | Found a staircase to the Ecumenical Temple.
  2711 | D:3      | Bought a potion of attraction for 42 gold pieces
  2768 | D:4      | Found a blossoming altar of Fedhas.
  2802 | D:4      | Noticed Edmund
  2812 | D:4      | Killed Edmund
  2813 | D:4      | Reached skill level 5 in Fighting
  2813 | D:4      | Reached skill level 6 in Axes
  2813 | D:4      | Reached skill level 5 in Armour
  2813 | D:4      | Reached XP level 6. HP: 56/56 MP: 5/5
  3049 | D:4      | Found a snail-covered altar of Cheibriados.
  3553 | D:4      | Found a shimmering blue altar of Sif Muna.
  3587 | D:4      | Found a sacrificial altar of Ru.
  3731 | D:3      | Bought a potion of flight for 42 gold pieces
  3731 | D:3      | Acquired a manual of Fighting
  3734 | D:3      | Acquired a manual of Fighting
  3747 | D:5      | Entered Level 5 of the Dungeon
  3747 | D:5      | Noticed Duvessa
  3747 | D:5      | Noticed Dowan
  3754 | D:5      | Killed Dowan
  3755 | D:5      | Reached skill level 7 in Axes
  3759 | D:5      | HP: 3/84 [Duvessa/+4 rapier of venom (11)]
  3760 | D:5      | Succumbed to Duvessa's poison

Illustrated notes

Levels and vault maps discovered:
D:1:      noname_arrival_rooms_in_the_neighbourhood, layout_basic,
          shapermc_ecumenical_altar_mp_urbaneastern
D:2:      layout_basic
D:3:      layout_basic, mainiacjoe_overflow_alcove_4,
          nicolae_hepliaklqana_monster_ancestors, serial_shops,
          nicolae_shop_crystal
D:4:      layout_cave_pods, nicolae_ru_the_path_less_chosen,
          kennysheep_little_box, lemuel_tele_altar, lemuel_blue_sif_altar,
          temple_pool_b, uniq_edmund
D:5:      layout_basic, bloody_makhleb, portal_sewer_entry_b, uniq_duvessa

Skill      XL: |  1  2  3  4  5  6 |
---------------+-------------------+-----
Axes           | 4 5 6 7 |  7.0
Fighting       | 4 5 |  5.6
Armour         | 3 4 5 6 |  6.1
Dodging        | |  2.4

Action                   |  1- 3 |  4- 6 || total
-------------------------+-------+-------++-------
Melee: Hand axe          |    75 |       ||    75
       Headbutt          |    14 |     6 ||    20
       War axe           |    14 |    58 ||    72
       Punch             |       |     1 ||     1
Invok: Berserk           |       |     3 ||     3
  Use: Scroll            |     5 |     5 ||    10
Armor: Animal skin       |     2 |       ||     2
       Pearl dragon scal |    37 |    25 ||    62
Dodge: Dodged            |    51 |    30 ||    81
